Map: 光影交错-天梯版

Players

Cyan - Winner!

  • Race: Protoss Protoss
  • League: Master

JieShi

  • Race: Protoss Protoss

Event: DreamHack SC2 Masters 2021 Winter

VOD

Have the link to the VOD?

Description

Time

  • Played on: Oct. 7, 2021, 8 a.m.
  • Length: 9:58

All games in this series

Show
View Real Time Build Order
Export as new Build Order

Cyan Protoss - Winner!

Build Orders:  

Get SALT Encoding   

  12  0:00  Probe  
  13  0:12  Probe  
  14  0:18  Pylon  
  14  0:24  Probe (Chrono Boost)  
  15  0:36  Probe (Chrono Boost)  
  15  0:37  Gateway  
  16  0:45  Probe (Chrono Boost)  
  16  0:48  Assimilator  
  17  0:51  Probe  
  17  0:55  Assimilator  
  18  1:03  Probe (Chrono Boost)  
  19  1:07  Gateway  
  19  1:12  Probe (Chrono Boost)  
  19  1:17  Probe (Chrono Boost)  
  21  1:26  Cybernetics Core  
  21  1:29  Probe  
  22  1:35  Pylon  
  22  1:41  Probe  
  23  1:53  Probe  
  24  1:59  Warp Gate (Chrono Boost)  
  24  2:02  Adept x2  
  24  2:06  Probe  
  29  2:12  Pylon  
  29  2:32  Adept x2  
  33  2:48  Nexus  
  32  2:57  Shield Battery  
  32  3:02  Sentry x2  
  36  3:09  Probe  
  36  3:11  Pylon  
  37  3:21  Robotics Facility, Probe  
  38  3:33  Probe  
  39  3:41  Stalker  
  39  3:42  Stalker  
  39  3:46  Probe  
  44  3:58  Probe  
  44  3:59  Twilight Council  
  43  4:07  Stalker  
  43  4:10  Probe  
  43  4:13  Probe  
  43  4:14  Observer  
  43  4:15  Stalker x2  
  45  4:22  Probe (Chrono Boost)  
  42  4:27  Probe (Chrono Boost)  
  42  4:31  Stalker  
  41  4:36  Probe (Chrono Boost)  
  41  4:38  Probe (Chrono Boost)  
  43  4:41  Probe (Chrono Boost)  
  43  4:43  Stalker  
  46  4:47  Probe (Chrono Boost)  
  46  4:50  Probe (Chrono Boost)  
  48  4:54  Stalker  
  52  5:00  Probe (Chrono Boost)  
  52  5:01  Probe (Chrono Boost)  
  52  5:07  Shield Battery  
  52  5:09  Probe  
  52  5:14  Stalker  
  52  5:17  Probe  
  53  5:22  Blink (Chrono Boost), Probe (Chrono Boost)  
  54  5:29  Probe (Chrono Boost)  
  54  5:32  Pylon  
  54  5:34  Probe (Chrono Boost)  
  56  5:40  Probe (Chrono Boost)  
  56  5:42  Immortal, Probe (Chrono Boost)  
  62  5:49  Probe, Pylon  
  62  5:51  Probe  
  64  5:57  Gateway  
  64  6:02  Probe  
  64  6:03  Probe  
  62  6:06  Gateway  
  62  6:10  Stalker, Sentry  
  66  6:15  Probe  
  66  6:16  Assimilator  
  66  6:17  Probe  
  68  6:24  Immortal  
  72  6:32  Pylon  
  72  6:33  Shield Battery  
  72  6:37  Probe  
  70  6:44  Probe  
  71  6:47  Gateway  
  71  6:51  Gateway  
  71  6:53  Stalker  
  73  6:58  Stalker  
  73  7:00  Phoenix  
  75  7:01  Stalker  
  75  7:07  Warp Prism (Chrono Boost)  
  77  7:15  Pylon  
  79  7:20  Stalker  
  79  7:22  Sentry  
  83  7:24  Pylon  
  83  7:30  Stalker  
  85  7:44  Stalker  
  85  7:45  Stalker x3  
  85  7:49  Stalker  
  95  8:02  Pylon  
  95  8:03  Stalker  
  97  8:09  Stalker  
  97  8:10  Stalker  
  100  8:12  Stalker  
  100  8:22  Stalker x2  
  104  8:29  Stalker  
  104  8:32  Stalker  
  106  8:37  Stalker  
  98  8:44  Stalker  
  88  8:56  Observer  
  88  9:02  Stalker x2  
  91  9:04  Zealot x2  
  91  9:05  Zealot  
  91  9:07  Assimilator  
  97  9:21  Stalker  
  99  9:27  Stalker x3  
  105  9:32  Stalker, Zealot  
  101  9:47  Stalker  
  95  9:54  Stalker  
Show
View Real Time Build Order
Export as new Build Order

JieShi Protoss 

Build Orders: Oracle Opening 

Get SALT Encoding   

  12  0:00  Probe  
  13  0:13  Probe  
  14  0:17  Pylon  
  14  0:25  Probe (Chrono Boost)  
  15  0:37  Gateway, Probe (Chrono Boost)  
  16  0:43  Probe (Chrono Boost)  
  16  0:46  Assimilator  
  17  0:51  Probe  
  17  0:55  Assimilator  
  18  1:03  Probe (Chrono Boost)  
  19  1:08  Gateway  
  19  1:13  Probe (Chrono Boost)  
  19  1:18  Probe (Chrono Boost)  
  21  1:26  Cybernetics Core  
  21  1:30  Probe  
  22  1:38  Pylon  
  22  1:42  Probe  
  23  1:56  Probe  
  24  2:02  Stalker, Warp Gate  
  24  2:04  Stalker  
  28  2:10  Pylon  
  28  2:21  Pylon  
  28  2:35  Stargate  
  28  2:39  Adept  
  28  2:44  Adept  
  32  2:48  Probe  
  33  3:04  Nexus  
  33  3:12  Probe, Shield Battery  
  34  3:18  Oracle (Chrono Boost)  
  37  3:28  Pylon  
  37  3:30  Probe  
  38  3:39  Shield Battery  
  38  3:45  Pylon  
  38  3:47  Probe  
  39  3:49  Oracle (Chrono Boost)  
  42  3:59  Probe  
  41  4:15  Twilight Council  
  39  4:17  Adept x2  
  39  4:18  Probe  
  41  4:31  Probe x2 (Chrono Boost)  
  42  4:38  Robotics Facility  
  42  4:41  Probe x2 (Chrono Boost)  
  44  4:46  Probe x2 (Chrono Boost)  
  44  4:52  Blink (Chrono Boost)  
  46  4:56  Probe  
  46  4:57  Probe  
  48  5:08  Probe  
  48  5:10  Probe  
  50  5:21  Probe  
  51  5:22  Stalker, Probe  
  51  5:23  Stalker  
  51  5:27  Observer (Chrono Boost)  
  55  5:30  Pylon  
  55  5:33  Probe, Pylon  
  55  5:34  Probe  
  57  5:42  Assimilator  
  57  5:46  Gateway, Probe  
  57  5:48  Stalker, Gateway  
  60  5:54  Stalker  
  60  5:56  Probe  
  63  5:58  Probe  
  61  6:18  Nexus  
  61  6:19  Pylon  
  61  6:22  Pylon  
  61  6:23  Forge  
  61  6:24  Probe x2  
  63  6:27  Sentry  
  63  6:32  Stalker  
  67  6:43  Probe x2  
  67  6:44  Protoss Ground Weapons Level 1 (Chrono Boost)  
  67  6:46  Gateway  
  69  6:48  Gateway  
  69  6:49  Shield Battery  
  69  6:55  Photon Cannon  
  69  7:00  Sentry x2  
  73  7:02  Probe x2  
  75  7:14  Probe x2  
  75  7:15  Assimilator  
  74  7:27  Stalker x3  
  81  7:30  Probe x2  
  81  7:36  Gateway  
  82  7:37  Immortal (Chrono Boost)  
  82  7:39  Gateway  
  82  7:42  Observer  
  86  7:44  Probe  
  87  7:51  Stalker, Sentry, Shield Battery  
  87  7:58  Stalker x2  
  94  8:00  Shield Battery  
  94  8:02  Stalker  
  97  8:08  Sentry  
  97  8:09  Shield Battery  
  99  8:17  Stalker  
  99  8:29  Immortal (Chrono Boost)  
  93  8:36  Stalker x4  
  62  8:48  Stalker x2  
  60  8:58  Immortal (Chrono Boost)  
  60  9:01  Stalker  
  66  9:04  Observer  
  66  9:06  Stalker, Pylon  
  68  9:10  Shield Battery  
  68  9:16  Stalker x2  
  70  9:21  Stalker  
  72  9:26  Stalker  
  72  9:29  Stalker  
  76  9:37  Stalker  
  76  9:42  Zealot x2  
  76  9:44  Sentry  
  66  9:50  Stalker  

Tags
 
Add a new tag
Caveats
  • Supply blocks, unpowered buildings, or Contaminate may cause inaccurate times.
  • Supply counts are checked every 10 seconds.